 Dungeon Crawl Stone Soup version 0.24-a0-699-g5a66b1aa3b (webtiles) character file.

Game seed: 5544528207666468589, levelgen mode: deterministic

1127 Anathary the Covert (level 8, 0/52 HPs)
             Began as an Octopode Assassin on Sept 29, 2019.
             Was a Follower of Dithmenos.
             Slain by a centaur (9 damage)
             ... on level 6 of the Dungeon.
             The game lasted 00:24:43 (4618 turns).

Anathary the Covert (Octopode Assassin)             Turns: 4618, Time: 00:24:44

Health: 0/52       AC:  1    Str: 10    XL:     8   Next: 35%
Magic:  8/8        EV: 14    Int: 14    God:    Dithmenos [*.....]
Gold:   175        SH:  0    Dex: 18    Spells: 7/7 levels left

rFire    . . .     SeeInvis +   a - +2 dagger
rCold    . . .     Gourm    .   (no shield)
rNeg     . . .     Faith    .   (helmet restricted)
rPois    .         Spirit   .   (no amulet)
rElec    .         Reflect  .   t - +3 ring of dexterity
rCorr    .         Harm     .   o - ring of see invisible
MR       .....                  (no ring)
Stlth    +++++++...             (no ring)
HPRegen  0.17/turn              (no ring)
MPRegen  0.11/turn              (no ring)
                                (no ring)
                                (no ring)

@: wreathed by umbra
A: almost no armour, stealthy swim, amphibious, 8 rings, constrict 8, camouflage
1, gelatinous body 1
a: Renounce Religion


You were on level 6 of the Dungeon.
You worshipped Dithmenos.
Dithmenos was aware of your devotion.
You were not hungry.

You visited 1 branch of the dungeon, and saw 6 of its levels.

You collected 175 gold pieces.

Inventory:

Hand Weapons
 a - a +2 dagger (weapon)
 h - a +2 falchion of freezing
 j - a +1 falchion of flaming
Missiles
 b - 26 poisoned darts (quivered)
 c - 2 curare-tipped darts
 g - 3 atropa-tipped darts
Jewellery
 o - a ring of see invisible (right tentacle)
 t - a +3 ring of dexterity (left tentacle)
Wands
 x - a wand of paralysis (5)
Scrolls
 e - 3 scrolls of teleportation
 f - 3 scrolls of remove curse
 q - a scroll of enchant armour {unknown}
 u - 2 scrolls of identify
 v - a scroll of fear
 y - 3 scrolls of enchant weapon {unknown}
 A - a scroll of random uselessness {unknown}
 B - a scroll of immolation {unknown}
Potions
 i - a potion of agility
 k - a potion of degeneration {unknown}
 l - 2 potions of lignification {unknown}
 m - a potion of cancellation {unknown}
 n - 2 potions of might {unknown}
 p - a potion of brilliance {unknown}
 r - a potion of curing {unknown}
 s - a potion of heal wounds {unknown}
 w - a potion of mutation {unknown}
 z - a potion of berserk rage {unknown}
Comestibles
 d - 6 rations


   Skills:
 + Level 3.1 Fighting
 + Level 4.8 Short Blades
 - Level 2.0 Throwing
 + Level 2.5 Dodging
 * Level 11.9 Stealth


You had 7 spell levels left.
You didn't know any spells.
Your spell library contained the following spells:

 Spells                   Type           Power        Failure   Level  Hunger
 Animate Skeleton         Necr           N/A          28%         1    ##.....
 Apportation              Tloc           #.....       28%         1    ##.....
 Confusing Touch          Hex            #.....       28%         1    ##.....
 Summon Small Mammal      Summ           #...         28%         1    ##.....
 Confuse                  Hex            #.......     65%         3    ####...
 Gell's Gravitas          Tloc           #.........   65%         3    ####...
 Petrify                  Tmut/Erth      #.......     96%         4    #####..
 Metabolic Englaciation   Hex/Ice        #.........   100%        5    ######.
 Yara's Violent Unravell  Hex/Tmut       #.........   100%        5    ######.


Dungeon Overview and Level Annotations

Branches:
Dungeon (6/15)
 Temple: D:4-7

Altars:
Dithmenos
Kikubaaqudgha
Qazlal
Xom
The Shining One


Innate Abilities, Weirdness & Mutations

You cannot wear most types of armour.
You are very stealthy in the water. (Stealth+)
You are amphibious.
You can wear up to eight rings at the same time.
You can use your tentacles to constrict eight enemies at once.
Your skin changes colour to match your surroundings (Stealth+).
Your rubbery body absorbs attacks. (AC +1, EV +1)


Message History

The crimson imp is lightly wounded.
The crimson imp hits you.
You hit the crimson imp. Your grab misses the crimson imp.
The crimson imp is moderately wounded.
The crimson imp blinks!
The centaur wields a +0 shortbow.
The centaur shoots an arrow.
The arrow hits you!
* * * LOW HITPOINT WARNING * * *
The centaur unwields a +0 shortbow.
The centaur closely misses you.
The crimson imp blinks!
Found 30 stones.
Things that are here:
a +0 mace; a +0 robe You hit the centaur.
The centaur is lightly wounded.
The centaur hits you.
* * * LOW HITPOINT WARNING * * *
You hit the centaur.
The centaur is moderately wounded.
The centaur hits you!
You die...

............#
....>.......#
............#
......#...###
...(...<#.##
.......##..##
............#
..####.####.#
. ... #@# .
.. #c.# ...
#5.# .._ .Z..
#.... #.#...
#..ยง...
#(#.####


You could see a centaur, a crimson imp and a hound zombie.

Vanquished Creatures
  Grinder (D:5)
  Edmund (D:4)
  An ogre (D:2)
  2 centaurs (D:5)
  Blork the orc (D:6)
  4 crimson imps
  A centaur zombie (D:5)
  A hound (D:5)
  An orc priest (D:4)
  Jessica (D:2)
  Terence (D:2)
  An iguana (D:4)
  9 adders
  An ooze (D:1)
  3 dart slugs
  4 leopard geckos
  5 orcs
  5 giant cockroaches
  11 goblins
  5 hobgoblins
  4 jackals (D:4)
  3 quokkas
  3 ball pythons (D:3)
  10 bats
  7 frilled lizards
  A goblin skeleton (D:4)
  A goblin zombie (D:4)
  4 hobgoblin zombies (D:4)
  8 kobolds
  A kobold zombie (D:4)
  2 orc skeletons (D:4)
  3 orc zombies (D:4)
  7 rats
113 creatures vanquished.

Notes
Turn   | Place    | Note
-------+----------+-------------------------------------------
     0 | D:1      | Anathary the Octopode Assassin began the quest for the Orb.
     0 | D:1      | Reached XP level 1. HP: 14/14 MP: 1/1
    84 | D:1      | Reached skill level 6 in Stealth
    84 | D:1      | Reached XP level 2. HP: 19/19 MP: 2/2
   475 | D:1      | Reached XP level 3. HP: 19/24 MP: 3/3
   994 | D:2      | Noticed Jessica
   999 | D:2      | Killed Jessica
   999 | D:2      | Reached skill level 7 in Stealth
   999 | D:2      | Reached XP level 4. HP: 29/29 MP: 4/4
  1077 | D:2      | Noticed an ogre
  1084 | D:2      | Killed an ogre
  1084 | D:2      | Reached skill level 8 in Stealth
  1084 | D:2      | Reached XP level 5. HP: 34/34 MP: 5/5
  1133 | D:2      | Noticed Terence
  1148 | D:2      | Killed Terence
  1152 | D:2      | Reached skill level 9 in Stealth
  1926 | D:2      | Found an ancient bone altar of Kikubaaqudgha.
  1926 | D:2      | Noticed a human
  1968 | D:3      | Found a shadowy altar of Dithmenos.
  1997 | D:3      | Reached XP level 6. HP: 39/39 MP: 6/6
  2000 | D:3      | Became a worshipper of Dithmenos the Shadowed
  2935 | D:4      | Found a glowing golden altar of the Shining One.
  3035 | D:4      | Found a glowing golden altar of the Shining One.
  3061 | D:4      | Reached * piety under Dithmenos
  3201 | D:4      | Reached skill level 10 in Stealth
  3447 | D:4      | Noticed Edmund
  3458 | D:4      | Killed Edmund
  3458 | D:4      | Reached XP level 7. HP: 45/45 MP: 7/7
  3792 | D:5      | Entered Level 5 of the Dungeon
  3806 | D:5      | Found a stormy altar of Qazlal.
  3954 | D:5      | Reached skill level 11 in Stealth
  4079 | D:5      | Reached XP level 8. HP: 11/51 MP: 8/8
  4320 | D:5      | Noticed Grinder
  4333 | D:5      | Killed Grinder
  4553 | D:5      | Noticed a hippogriff
  4585 | D:6      | Found a shimmering altar of Xom.
  4603 | D:6      | Noticed Blork the orc
  4612 | D:6      | Killed Blork the orc
  4618 | D:6      | Slain by a centaur

Levels and vault maps discovered:
D:1:      tarquinn_simple_flora_water_c, layout_basic
D:2:      layout_loops_cross, tgw_kikubaaqudgha, uniq_jessica, uniq_terence
D:3:      layout_rooms, grunt_dithmenos_smoke
D:4:      layout_gridville, kennysheep_little_box, first_ration,
          nicolae_tso_besieged_by_evil, uniq_edmund
D:5:      layout_layer_cave, nicolae_qazlal_eye_of_the_storm, uniq_grinder
D:6:      layout_rooms, old_standard_altar, nrook_pool_corridor,
          kennysheep_windowed_goal, uniq_sigmund, uniq_menkaure,
          uniq_blork_the_orc

Skill      XL: |  1  2  3  4  5  6  7  8 |
---------------+-------------------------+-----
Stealth        | 6 7 8 9 10 11 | 11.9
Short Blades   | 3 4 |  4.8
Dodging        | 2 |  2.5
Fighting       | 3 |  3.1
Throwing       | |  2.0

Action                   |  1- 3 |  4- 6 |  7- 9 || total
-------------------------+-------+-------+-------++-------
Melee: Dagger            |    49 |   129 |    70 ||   248
       Constrict         |     8 |    36 |    10 ||    54
       Tentacles         |     6 |    18 |    22 ||    46
  Use: Scroll            |       |     5 |     1 ||     6
 Stab: Sleeping          |    12 |    19 |     4 ||    35
       Distracted        |       |       |     1 ||     1
  Eat: Ration            |       |     2 |     2 ||     4
       Chunk             |       |     1 |       ||     1
Armor: Skin              |     6 |     8 |     1 ||    15
Dodge: Dodged            |    23 |    70 |    50 ||   143

Table legend:
 A = Non-vault XP
 B = Vault XP
 C = Vault XP percentage of total XP
 D = Non-vault monster count
 E = Vault monster count
 F = Vault count percentage of total count
                 A         B        C        D         E       F
            +---------+---------+-------+---------+---------+-------
      Total |     926 |     685 |  42.5 |      95 |      18 |  15.9
            +---------+---------+-------+---------+---------+-------
        D:1 |      50 |       0 |   0.0 |      26 |       0 |   0.0
        D:2 |     185 |      73 |  28.3 |      19 |       2 |   9.5
        D:3 |     154 |       0 |   0.0 |      29 |       0 |   0.0
        D:4 |     112 |     231 |  67.3 |      12 |      14 |  53.8
        D:5 |     425 |     281 |  39.8 |       9 |       1 |  10.0
        D:6 |       0 |     100 | 100.0 |       0 |       1 | 100.0
            +---------+---------+-------+---------+---------+-------
